[Event "Titled Tuesday Blitz August 16 Late 2022"]
[White "Andreikin, Dmitry"]
[Black "So, Wesley"]
[WhiteFideId "4158814"]
[BlackFideId "5202213"]
[WhiteElo "2736"]
[BlackElo "2763"]
[Result "0-1"]
[Round "07"]
[TimeControl "180+1"]
[Date "2022.08.16"]
[WhiteClock "0:00:01"]
[BlackClock "0:00:26"]

1. d4 d5 2. c4 dxc4 3. e3 Nf6 4. Bxc4 e6 5. Nf3 c5 6. O-O a6 7. b3 cxd4 8. Nxd4 Be7 9. Bb2 O-O 10. Be2 b5 11. a4 bxa4 12. Rxa4 Bb7 13. Bf3 Ra7 14. Nb5 Bxf3 15. Qxd8 Rxd8 16. Nxa7 Bb7 17. Rc1 Ne4 18. Nc8 Bc5 19. Bd4 Rxc8 20. f3 Bc6 21. fxe4 Bxa4 22. bxa4 Nd7 23. Nd2 e5 24. Kf1 Rc7 25. Bxc5 Rxc5 26. Rb1 h5 27. Ke2 Rc2 28. Rb7 Nf6 29. Kd3 Ra2 30. Re7 Ng4 31. h3 Nf2+ 32. Kc3 f6 33. Ra7 Nd1+ 34. Kd3 Nf2+ 35. Kc3 Rxa4 36. Kb3 Ra1 37. Kc4 Ra2 38. Nf3 Nxe4 39. Nh4 Ra4+ 40. Kd5 Nc3+ 41. Ke6 Rxh4 42. Ra8+ Kh7 43. Kf7 Ne4 44. Kf8 Ng5 45. Ra7 Kh6 46. Kg8 Rb4 0-1


[Site "https://www.chess.com"]

[Event "Titled Tuesday Blitz August 16 Late 2022"]
[White "Averjanov, Alexey"]
[Black "Harvey, Marcus R"]
[WhiteFideId "14109867"]
[BlackFideId "400092"]
[WhiteElo "2606"]
[BlackElo "2485"]
[Result "0-1"]
[Round "07"]
[TimeControl "180+1"]
[Date "2022.08.16"]
[WhiteClock "0:01:12"]
[BlackClock "0:00:11"]

1. d4 e6 2. c4 f5 3. Nf3 Nf6 4. g3 Be7 5. Bg2 O-O 6. O-O d6 7. b3 a5 8. Bb2 Qe8 9. Nc3 Qg6 10. Re1 Ne4 11. Qc1 Bf6 12. Qc2 Nc6 13. e3 Nb4 14. Qe2 Bd7 15. a3 Na6 16. Rac1 c6 17. Nd2 Nxd2 18. Qxd2 d5 19. f4 b5 20. cxb5 cxb5 21. Ne2 b4 22. a4 Rfc8 23. Rxc8+ Rxc8 24. Rc1 Qe8 25. Bf1 Nb8 26. Rxc8 Qxc8 27. Nc1 Be7 28. Nd3 Bd6 29. Kf2 Nc6 30. Qc2 Ne7 31. Qxc8+ Bxc8 32. Nc5 Kf7 33. Bb5 h6 34. Kf3 g5 35. h3 Ng8 36. g4 fxg4+ 37. hxg4 Nf6 38. Bc1 Bxc5 39. dxc5 Ne4 40. c6 Ke7 41. Bb2 Nd2+ 42. Ke2 Nxb3 43. Bg7 gxf4 44. exf4 Nc5 45. Bxh6 b3 46. Bg5+ Kd6 47. Kd1 Ba6 48. Bf6 Bxb5 49. axb5 a4 50. Be5+ Ke7 51. b6 a3 52. b7 b2 53. Kc2 Na6 54. b8=Q Nxb8 55. Bxb8 d4 56. Kb1 d3 57. Ba7 d2 58. Bc5+ Kd8 59. Bxa3 d1=Q+ 60. Kxb2 Qd4+ 61. Kb3 Qxf4 62. Bc5 Qf3+ 0-1


[Site "https://www.chess.com"]

[Event "Titled Tuesday Blitz August 16 Late 2022"]
[White "Baches Garcia, Guillermo"]
[Black "Gallana, Marco"]
[WhiteFideId "2209764"]
[BlackFideId "824542"]
[WhiteElo "2326"]
[BlackElo "2290"]
[Result "1-0"]
[Round "07"]
[TimeControl "180+1"]
[Date "2022.08.18"]
[WhiteClock "0:00:00"]
[BlackClock "0:00:00"]

1. e4 c5 2. Nf3 Nc6 3. d4 cxd4 4. Nxd4 e5 5. Nb5 d6 6. N1c3 a6 7. Na3 Be7 8. Be3 Nf6 9. Nc4 b5 10. Nb6 Rb8 11. Nxc8 Rxc8 12. Bd3 b4 13. Nd5 Nxd5 14. exd5 Nd4 15. Bxd4 exd4 16. Bxa6 Rc5 17. Qxd4 Qa5 18. Qxg7 Rf8 19. Bb7 Rxc2 20. O-O Qc5 21. Qxh7 Kd8 22. Bc6 Kc7 23. Qf5 1-0


[Site "https://www.chess.com"]

[Event "Titled Tuesday Blitz August 16 Late 2022"]
[White "Badmatsyrenov, Oleg"]
[Black "Kamsky, Gata"]
[WhiteFideId "24115762"]
[BlackFideId "2000024"]
[WhiteElo "2403"]
[BlackElo "2666"]
[Result "1-0"]
[Round "07"]
[TimeControl "180+1"]
[Date "2022.08.16"]
[WhiteClock "0:00:25"]
[BlackClock "0:00:16"]

1. e4 e5 2. Nc3 Nc6 3. f4 exf4 4. Nf3 d6 5. d4 g5 6. h4 g4 7. Ng5 h6 8. Nxf7 Kxf7 9. Bxf4 Nf6 10. Qd2 Nh5 11. Bc4+ Kg7 12. Be3 Be7 13. O-O-O Ng3 14. Qf2 Rf8 15. Qxg3 Qe8 16. h5 Bd7 17. Rdf1 Bf6 18. Qf2 Kh7 19. Qd2 Bg7 20. Nd5 Rc8 21. Bd3 Kg8 22. Nf4 b5 23. Ng6 Rxf1+ 24. Rxf1 Nxd4 25. Bxh6 Qe6 26. Bxg7 Kxg7 27. Qg5 1-0


[Site "https://www.chess.com"]

[Event "Titled Tuesday Blitz August 16 Late 2022"]
[White "Barash, Anton"]
[Black "D`Arruda, Ricardo D."]
[WhiteFideId "30935229"]
[BlackFideId "100692"]
[WhiteElo "2088"]
[BlackElo "2271"]
[Result "0-1"]
[Round "07"]
[TimeControl "180+1"]
[Date "2022.08.18"]
[WhiteClock "0:00:00"]
[BlackClock "0:00:00"]

1. e4 c5 2. Nf3 Nc6 3. d4 cxd4 4. Nxd4 e5 5. Nb5 a6 6. Nd6+ Bxd6 7. Qxd6 Qe7 8. Qc7 d5 9. Qxe7+ Ngxe7 10. exd5 Nxd5 11. Bc4 Be6 12. O-O O-O-O 13. Nd2 Rhe8 14. Nf3 Ndb4 15. Bxe6+ Rxe6 16. c3 Nd3 17. Ng5 Re7 18. b3 f6 19. Ne4 f5 20. Ng3 Nxc1 21. Raxc1 g6 22. Rc2 Red7 23. h4 e4 24. f3 e3 25. Re2 f4 26. Ne4 Rd1 27. g3 Ne5 28. Rxd1 Rxd1+ 29. Kg2 Nd3 30. c4 Kd7 31. Kh2 Ne5 32. gxf4 Nxf3+ 33. Kg3 Nd4 34. Rxe3 Nf5+ 35. Kf3 Nxe3 36. Kxe3 Rh1 37. Nf6+ Ke7 38. Nxh7 Rxh4 39. Ng5 Rh2 40. a3 Rb2 41. Kd4 Rxb3 42. a4 Rb4 43. a5 Ra4 44. Nf3 Rxa5 45. Ne5 Kf6 46. Nd7+ Kf5 47. Nc5 b6 48. Nb3 Ra4 49. Nd2 Kxf4 0-1


[Site "https://www.chess.com"]

[Event "Titled Tuesday Blitz August 16 Late 2022"]
[White "Bartholomew, John"]
[Black "Lenderman, Aleksandr"]
[WhiteFideId "2019353"]
[BlackFideId "2021285"]
[WhiteElo "2705"]
[BlackElo "2607"]
[Result "0-1"]
[Round "07"]
[TimeControl "180+1"]
[Date "2022.08.16"]
[WhiteClock "0:00:04"]
[BlackClock "0:01:03"]

1. d4 e6 2. c4 b6 3. Nf3 Bb7 4. g3 Bb4+ 5. Bd2 Bxf3 6. exf3 Bxd2+ 7. Qxd2 Nf6 8. Nc3 O-O 9. d5 exd5 10. cxd5 Re8+ 11. Be2 c5 12. dxc6 dxc6 13. Qxd8 Rxd8 14. O-O Nbd7 15. Rfd1 Nc5 16. b4 Ne6 17. Bc4 Nd4 18. Kg2 Rd7 19. Ne2 Rad8 20. Nxd4 Rxd4 21. Rxd4 Rxd4 22. Rc1 Kf8 23. Bb3 Rd6 24. Ba4 b5 25. Bb3 Ke7 26. Kf1 Nd7 27. Re1+ Kf8 28. Ke2 Ne5 29. Rb1 Ke7 30. f4 Nd7 31. Rc1 Nb6 32. Rc3 f6 33. Re3+ Kd7 34. h4 h6 35. Kf3 Rd4 36. a3 Nd5 37. Bxd5 Rxd5 38. Kg4 h5+ 39. Kf3 c5 40. bxc5 Rxc5 41. g4 a5 42. Rd3+ Kc7 43. Re3 hxg4+ 44. Kxg4 b4 45. axb4 axb4 46. Re7+ Kc6 47. Rxg7 b3 48. Rg8 Kb7 49. Rg7+ Rc7 0-1


[Site "https://www.chess.com"]

[Event "Titled Tuesday Blitz August 16 Late 2022"]
[White "Begmuratov, Khumoyun"]
[Black "Wachinger, Guenther"]
[WhiteFideId "14210207"]
[BlackFideId "4604261"]
[WhiteElo "1978"]
[BlackElo "2212"]
[Result "1-0"]
[Round "07"]
[TimeControl "180+1"]
[Date "2022.08.18"]
[WhiteClock "0:00:00"]
[BlackClock "0:00:00"]

1. Nf3 d5 2. b3 Nf6 3. Bb2 e6 4. e3 Be7 5. c4 a5 6. d4 a4 7. Bd3 axb3 8. axb3 Rxa1 9. Bxa1 O-O 10. O-O b6 11. Nbd2 Bb7 12. Qc2 Nbd7 13. e4 dxe4 14. Nxe4 Nxe4 15. Bxe4 Bxe4 16. Qxe4 c5 17. d5 exd5 18. Qxd5 Nf6 19. Qc6 Re8 20. Be5 h6 21. Re1 Bf8 22. Bxf6 Rxe1+ 23. Nxe1 Qd1 24. Bc3 Qxb3 25. Bd2 Qxc4 26. Qxb6 Qd5 27. Qb2 c4 28. Qc2 Bc5 29. Be3 Bb4 30. Nf3 c3 31. Bd4 g5 32. Bxc3 Qc6 33. g3 Qxc3 34. Qf5 Kg7 35. Ne5 Qb3 36. Ng4 Qe6 37. Qf3 Be7 38. Ne3 Bf6 39. Kg2 Kg6 40. g4 Qe5 41. Qb7 Qf4 42. h3 Bd4 43. Qc6+ Qf6 44. Qe4+ Kg7 45. Nf5+ Kh8 46. Qxd4 1-0


[Site "https://www.chess.com"]

[Event "Titled Tuesday Blitz August 16 Late 2022"]
[White "Blanco Ronquillo, Humberto L."]
[Black "Kopczynski, Michal"]
[WhiteFideId "3504239"]
[BlackFideId "1124200"]
[WhiteElo "2425"]
[BlackElo "2235"]
[Result "0-1"]
[Round "07"]
[TimeControl "180+1"]
[Date "2022.08.18"]
[WhiteClock "0:00:00"]
[BlackClock "0:00:00"]

1. d4 Nf6 2. c4 g6 3. Nc3 Bg7 4. e4 d6 5. Nf3 O-O 6. Be2 e5 7. d5 Ne8 8. Bg5 f6 9. Bh4 g5 10. Bg3 f5 11. exf5 Bxf5 12. Nd2 Nd7 13. Nde4 Nef6 14. Bd3 Nxe4 15. Nxe4 h6 16. h4 g4 17. h5 Nf6 18. Qc2 Nxe4 19. Bxe4 Qg5 20. Bxf5 Rxf5 21. Qe4 Raf8 22. Rd1 R8f7 23. Rd2 Re7 24. Kd1 Rf4 25. Bxf4 exf4 26. Qg6 Qe5 27. Qxg4 Qe4 28. Qg6 Qxc4 29. b3 Qc3 30. Qb1 f3 31. g3 Bf6 32. Rd3 Qe5 33. Qc2 Bg5 34. Qc3 Qe2# 0-1


[Site "https://www.chess.com"]

[Event "Titled Tuesday Blitz August 16 Late 2022"]
[White "Bodnar, Nikolay"]
[Black "Gomez Ledo, Roberto Carlos"]
[WhiteFideId "14106469"]
[BlackFideId "3507076"]
[WhiteElo "2283"]
[BlackElo "2379"]
[Result "0-1"]
[Round "07"]
[TimeControl "180+1"]
[Date "2022.08.16"]
[WhiteClock "0:00:07"]
[BlackClock "0:00:06"]

1. c4 Nf6 2. g3 e6 3. Bg2 d5 4. Nf3 Be7 5. O-O O-O 6. d4 dxc4 7. Ne5 Nc6 8. Bxc6 bxc6 9. Nd2 Qxd4 10. Ndxc4 Qd5 11. Qc2 c5 12. Rd1 Qb7 13. Na5 Qb5 14. a4 Qa6 15. Be3 Bd6 16. Nac4 Nd5 17. Ra3 Bb7 18. f3 Rad8 19. Bf2 Nb4 20. Qd2 Bxe5 21. Qxd8 Qxc4 22. Qd2 Bd6 23. Rc3 Qa2 24. Bxc5 Nd5 25. Rcc1 Qxa4 26. e4 Nf6 27. Bxd6 cxd6 28. Qxd6 Qb3 29. Rc3 Qxb2 30. Rc7 g6 31. g4 Nxe4 32. fxe4 Bxe4 33. Qg3 a5 34. Rc3 a4 35. Qe3 Bd5 36. Rcd3 Ra8 37. Qg3 a3 38. R3d2 Qb6+ 39. Qf2 Qxf2+ 40. Kxf2 a2 41. Ra1 Rb8 42. Ke3 Rb1 43. Rd1 Rb2 44. h4 Rh2 45. Kf4 Rxh4 46. Kg5 Rh2 47. Kf6 Rf2+ 48. Ke7 Kg7 49. g5 Rg2 50. Rg1 Rxg1 51. Rxg1 Be4 52. Ra1 Bb1 53. Kd6 h6 54. Ke5 hxg5 55. Kd4 f5 56. Ke3 Kf6 57. Kf3 e5 58. Kg3 g4 59. Kg2 Kg5 60. Kg3 f4+ 61. Kf2 g3+ 62. Kg1 Kf5 63. Rxb1 g5 64. Ra1 g4 65. Rxa2 f3 66. Ra3 e4 67. Ra8 Kf4 68. Rf8+ Ke3 69. Rg8 Ke2 70. Rf8 e3 71. Rf4 g2 72. Rf7 g3 73. Rf6 f2+ 74. Kxg2 Ke1 75. Kxg3 f1=Q 76. Re6 e2 77. Ra6 Qf2+ 78. Kg4 Qe3 79. Ra2 Kf2 80. Rb2 Qf3+ 81. Kh4 Qf4+ 82. Kh3 Qf5+ 83. Kh4 Qf6+ 84. Kg4 Qxb2 85. Kh3 e1=Q 86. Kh2 Qee2 87. Kh1 Qf3+ 88. Kh2 Qg3+ 89. Kh1 Qg1# 0-1


[Site "https://www.chess.com"]

[Event "Titled Tuesday Blitz August 16 Late 2022"]
[White "Bogaudinov, Rushan"]
[Black "Kambrath, Yannick"]
[WhiteFideId "4129288"]
[BlackFideId "20632525"]
[WhiteElo "2040"]
[BlackElo "2236"]
[Result "0-1"]
[Round "07"]
[TimeControl "180+1"]
[Date "2022.08.18"]
[WhiteClock "0:00:00"]
[BlackClock "0:00:00"]

1. e4 c5 2. Nf3 e6 3. g3 b5 4. Bg2 Bb7 5. O-O Bxe4 6. d4 Nf6 7. Re1 cxd4 8. Qxd4 Bb7 9. Nc3 Nc6 10. Qh4 a6 11. Bg5 Be7 12. Rad1 O-O 13. a4 b4 14. Ne2 h6 15. Bxh6 gxh6 16. Qxh6 Ng4 17. Qf4 f5 18. Ned4 Nxd4 19. Qxd4 Bc6 20. h3 Nf6 21. Ne5 Bxg2 22. Kxg2 Qc7 23. Ng6 Bc5 24. Qh4 Qc6+ 25. Kg1 Kg7 26. Nxf8 Rxf8 27. Qg5+ Kf7 28. Rd3 Rg8 29. Qh4 Ne4 30. Qh5+ Kf8 31. Qh6+ Ke8 32. Rxe4 Qxe4 33. Qh7 Qe1+ 0-1


[Site "https://www.chess.com"]

[Event "Titled Tuesday Blitz August 16 Late 2022"]
[White "Boros, Denes"]
[Black "Nazaretyan, Tigran"]
[WhiteFideId "722340"]
[BlackFideId "24162345"]
[WhiteElo "2464"]
[BlackElo "2183"]
[Result "1-0"]
[Round "07"]
[TimeControl "180+1"]
[Date "2022.08.16"]
[WhiteClock "0:01:05"]
[BlackClock "0:00:32"]

1. Nc3 Nf6 2. d4 d5 3. Bf4 a6 4. Nf3 e6 5. a3 c5 6. e3 Nc6 7. dxc5 Bxc5 8. Bd3 Qe7 9. e4 d4 10. Ne2 e5 11. Bd2 Nh5 12. O-O O-O 13. b4 Ba7 14. Ng3 Nxg3 15. fxg3 h6 16. Nh4 Be6 17. Qh5 a5 18. bxa5 Qd7 19. Nf5 Bxf5 20. exf5 e4 21. f6 e3 22. Bf5 Qd6 23. Qg4 g5 24. Qh5 Qxf6 25. Bh7+ Kxh7 26. Rxf6 exd2 27. Rxh6+ 1-0


[Site "https://www.chess.com"]

[Event "Titled Tuesday Blitz August 16 Late 2022"]
[White "Bortnyk, Olexandr"]
[Black "Krzyzanowski, Marcin"]
[WhiteFideId "14120828"]
[BlackFideId "1132199"]
[WhiteElo "2723"]
[BlackElo "2396"]
[Result "1-0"]
[Round "07"]
[TimeControl "180+1"]
[Date "2022.08.16"]
[WhiteClock "0:00:44"]
[BlackClock "0:00:36"]

1. d4 c5 2. e3 cxd4 3. exd4 d6 4. c3 g6 5. g3 Bg7 6. Bg2 Nf6 7. Nf3 O-O 8. O-O Nc6 9. Re1 e5 10. Nbd2 e4 11. Nxe4 Nxe4 12. Rxe4 d5 13. Re1 h6 14. Qb3 Kh7 15. Bf4 Na5 16. Qb4 Nc4 17. Ne5 a5 18. Qb5 Nb6 19. h4 a4 20. Re2 Bf5 21. Rae1 Ra6 22. Nd3 Nc4 23. Nb4 Ra5 24. Qxb7 Bc8 25. Qc7 g5 26. Qxd8 Rxd8 27. Bc7 1-0


[Site "https://www.chess.com"]

[Event "Titled Tuesday Blitz August 16 Late 2022"]
[White "Bringas Gomez, Artai"]
[Black "Romero Ruscalleda, Josep"]
[WhiteFideId "24534064"]
[BlackFideId "2231859"]
[WhiteElo "2039"]
[BlackElo "2193"]
[Result "0-1"]
[Round "07"]
[TimeControl "180+1"]
[Date "2022.08.18"]
[WhiteClock "0:00:00"]
[BlackClock "0:00:00"]

1. e4 g6 2. f4 Bg7 3. d4 d6 4. Nc3 a6 5. Nf3 b5 6. Bd3 Nd7 7. O-O c5 8. Be3 Ngf6 9. h3 O-O 10. e5 Ne8 11. dxc5 dxe5 12. Be4 Nc7 13. Bxa8 Nxa8 14. Nxe5 Nxe5 15. fxe5 Qc7 16. Qf3 Bb7 17. Nd5 Qxe5 18. Nf6+ Bxf6 19. Qxb7 Qxe3+ 20. Kh1 Qxc5 21. c3 Qb6 22. Qd7 Nc7 23. Rad1 Ne6 24. Qd5 Rd8 25. Qe4 Rxd1 26. Rxd1 Qf2 27. Qa8+ Kg7 28. Qxa6 Qxb2 29. c4 bxc4 30. Qxc4 Nd4 31. a4 Ne2 32. a5 Ng3+ 33. Kh2 Be5 34. Kg1 Qa3 35. a6 Qe3+ 36. Kh2 Ne4+ 37. Kh1 Nf2+ 38. Kg1 Nxh3+ 0-1


[Site "https://www.chess.com"]

[Event "Titled Tuesday Blitz August 16 Late 2022"]
[White "Buchenau, Frank"]
[Black "Vlassov, Nikolai"]
[WhiteFideId "4604350"]
[BlackFideId "4103360"]
[WhiteElo "2157"]
[BlackElo "2324"]
[Result "0-1"]
[Round "07"]
[TimeControl "180+1"]
[Date "2022.08.16"]
[WhiteClock "0:00:01"]
[BlackClock "0:00:05"]

1. e4 c5 2. Nf3 d6 3. Bb5+ Nd7 4. O-O a6 5. Bd3 g6 6. Re1 Bg7 7. c3 Ngf6 8. Bf1 O-O 9. d4 e5 10. dxe5 dxe5 11. c4 Qc7 12. Nc3 h6 13. Be3 b6 14. Rc1 Bb7 15. h3 Rad8 16. Nd5 Qb8 17. Nd2 Nxd5 18. cxd5 f5 19. f3 Nf6 20. b4 cxb4 21. Bxb6 Rc8 22. Ba5 fxe4 23. fxe4 Qd6 24. Qb3 Nh5 25. Qxb4 Qxb4 26. Bxb4 Rfd8 27. Be7 Rd7 28. Rxc8+ Bxc8 29. Rc1 Bb7 30. d6 Bf8 31. Bc4+ Kg7 32. Be6 Bxe7 33. Bxd7 Bxd6 34. Nc4 Bc5+ 35. Kh2 Bf2 36. g4 Nf4 37. Nxe5 Bxe4 38. Rc7 Kf6 39. Nc4 h5 40. Bc6 Bd3 41. Be8 h4 42. Rf7+ Kg5 43. Ne5 Bg3+ 44. Kg1 Nxh3+ 45. Kg2 Bxe5 46. Kxh3 Bc4 47. Bc6 Bxf7 48. Bb7 Be6 49. Bc6 Bxg4+ 50. Kg2 h3+ 51. Kh1 Bf3+ 52. Bxf3 Kf4 53. Bb7 a5 54. a4 g5 55. Bc8 g4 56. Bd7 Kg3 57. Bc8 Kh4 58. Bd7 g3 0-1


[Site "https://www.chess.com"]

[Event "Titled Tuesday Blitz August 16 Late 2022"]
[White "Burke, Paul"]
[Black "Rose, Felix"]
[WhiteFideId "2605767"]
[BlackFideId "5105722"]
[WhiteElo "1918"]
[BlackElo "2039"]
[Result "0-1"]
[Round "07"]
[TimeControl "180+1"]
[Date "2022.08.18"]
[WhiteClock "0:00:00"]
[BlackClock "0:00:00"]

1. e4 c5 2. d4 cxd4 3. c3 Nf6 4. e5 Nd5 5. Nf3 e6 6. Bd3 dxc3 7. bxc3 b6 8. Qe2 Be7 9. O-O d6 10. Rd1 Qc7 11. Bb5+ Bd7 12. Bxd7+ Nxd7 13. Rxd5 exd5 14. e6 Ne5 15. Nxe5 dxe5 16. exf7+ Kf8 17. Be3 Bf6 18. Qf3 Rd8 19. g3 Kxf7 20. a4 Rhf8 21. a5 b5 22. Ra2 Kg8 23. Na3 Qxc3 24. Nxb5 Qb3 25. Bc5 Qxf3 0-1


[Site "https://www.chess.com"]

[Event "Titled Tuesday Blitz August 16 Late 2022"]
[White "Capp, Stephen"]
[Black "Martin Barcelo, Carles"]
[WhiteFideId "2027089"]
[BlackFideId "24561444"]
[WhiteElo "1920"]
[BlackElo "1922"]
[Result "0-1"]
[Round "07"]
[TimeControl "180+1"]
[Date "2022.08.18"]
[WhiteClock "0:00:00"]
[BlackClock "0:00:00"]

1. e4 d5 2. d4 dxe4 3. Nc3 e5 4. Bc4 Qxd4 5. Qe2 Nf6 6. Bd2 Bg4 7. f3 exf3 8. Nxf3 Bxf3 9. gxf3 Bd6 10. O-O-O Qh4 11. Rhg1 Nbd7 12. Rxg7 O-O-O 13. Rxf7 Rhf8 14. Rg7 Rde8 15. Bg5 Qh5 16. Nd5 Nxd5 17. Bxd5 h6 18. Qb5 Nb6 19. Be3 a6 20. Qb3 Nxd5 21. Qxd5 Qxf3 22. Qxf3 Rxf3 23. Bxh6 Rh3 24. Rf1 Rxh6 25. a3 Rxh2 26. Rff7 e4 0-1


[Site "https://www.chess.com"]

[Event "Titled Tuesday Blitz August 16 Late 2022"]
[White "Chernomordik, Pavel"]
[Black "Zivkovic, Nemanja"]
[WhiteFideId "2804530"]
[BlackFideId "942154"]
[WhiteElo "2217"]
[BlackElo "2372"]
[Result "0-1"]
[Round "07"]
[TimeControl "180+1"]
[Date "2022.08.16"]
[WhiteClock "0:00:19"]
[BlackClock "0:00:42"]

1. e4 d6 2. d4 Nf6 3. Nc3 e5 4. Nf3 Nbd7 5. Bc4 Be7 6. Bxf7+ Kxf7 7. Ng5+ Kg8 8. Ne6 Qe8 9. Nxc7 Qg6 10. O-O Rb8 11. Be3 b6 12. N7d5 Nxd5 13. Nxd5 Bd8 14. Qd3 h6 15. f4 Bb7 16. f5 Qe8 17. c4 Kh7 18. Rae1 Bxd5 19. exd5 Bf6 20. Qa3 Qf8 21. Qxa7 exd4 22. Bf2 Nc5 23. Rd1 d3 24. Bxc5 bxc5 25. b3 Ra8 26. Qd7 Rxa2 27. Rxd3 Qd8 28. Qf7 Qe8 29. Qe6 Qxe6 30. fxe6 Rb2 31. Rff3 Ra8 32. h4 Raa2 33. Rg3 Rb1+ 34. Kh2 Be5 35. e7 Ra8 36. Kh3 Bxg3 37. Kxg3 Re1 0-1


[Site "https://www.chess.com"]

[Event "Titled Tuesday Blitz August 16 Late 2022"]
[White "Deviprasath, Sharvesh"]
[Black "Floresvillar Gonzalez, Luis Migu"]
[WhiteFideId "30938228"]
[BlackFideId "5100542"]
[WhiteElo "2102"]
[BlackElo "2040"]
[Result "1-0"]
[Round "07"]
[TimeControl "180+1"]
[Date "2022.08.18"]
[WhiteClock "0:00:00"]
[BlackClock "0:00:00"]

1. d4 e6 2. c4 Nf6 3. Nc3 d5 4. Nf3 c6 5. e3 Bd6 6. Qc2 Nbd7 7. Bd2 O-O 8. O-O-O dxc4 9. e4 Be7 10. Bxc4 b5 11. Bd3 b4 12. Na4 Nb6 13. e5 Nfd5 14. h4 Nxa4 15. Qxa4 a5 16. Kb1 Rb8 17. Bg5 h6 18. Bxe7 Qxe7 19. g4 g6 20. g5 h5 21. Nd2 c5 22. dxc5 Qxc5 23. Ne4 Nc3+ 24. bxc3 bxc3+ 25. Ka1 Qb6 26. Rb1 Qa7 27. Rxb8 Qxb8 28. Qb5 Qc7 29. Rc1 Ba6 30. Qxa6 Qxe5 31. Rxc3 Rc8 32. Qxc8+ Kg7 33. Nf6 Qxc3+ 34. Qxc3 1-0


[Site "https://www.chess.com"]

[Event "Titled Tuesday Blitz August 16 Late 2022"]
[White "Diem, Thomas"]
[Black "Postnikov, Daniil"]
[WhiteFideId "30937841"]
[BlackFideId "4166329"]
[WhiteElo "1998"]
[BlackElo "2261"]
[Result "0-1"]
[Round "07"]
[TimeControl "180+1"]
[Date "2022.08.18"]
[WhiteClock "0:00:00"]
[BlackClock "0:00:00"]

1. c4 c5 2. Nf3 Nc6 3. Nc3 Nf6 4. d4 cxd4 5. Nxd4 d5 6. cxd5 Nxd5 7. Nxc6 bxc6 8. e4 Nxc3 9. Qxd8+ Kxd8 10. bxc3 e5 11. Bc4 f6 12. Be3 Kc7 13. Ke2 Be7 14. h4 Rd8 15. h5 h6 16. f3 Ba3 17. Rab1 f5 18. Rb3 Be7 19. exf5 Bxf5 20. a4 e4 21. a5 c5 22. a6 Rab8 23. Bf4+ Bd6 24. Bxd6+ Kxd6 25. Rd1+ Ke5 26. Rxb8 Rxb8 27. Ke3 exf3 28. gxf3 Kf6 29. Rd6+ Ke7 30. Rc6 Rc8 31. Rxc8 Bxc8 32. Ke4 Kd6 33. f4 Bg4 34. Bf7 Be2 35. c4 Ke7 36. Bg6 Bxc4 37. Ke5 Bxa6 38. Bd3 Bxd3 0-1


[Site "https://www.chess.com"]

[Event "Titled Tuesday Blitz August 16 Late 2022"]
[White "Djordjevic, Vuk"]
[Black "Van Dael, Siem"]
[WhiteFideId "902098"]
[BlackFideId "1049771"]
[WhiteElo "2456"]
[BlackElo "2110"]
[Result "1-0"]
[Round "07"]
[TimeControl "180+1"]
[Date "2022.08.18"]
[WhiteClock "0:00:00"]
[BlackClock "0:00:00"]

1. g3 Nf6 2. b3 g6 3. Bb2 Bg7 4. Nc3 O-O 5. Bg2 c6 6. Nf3 d5 7. e3 Nbd7 8. O-O e5 9. d3 Re8 10. a4 a5 11. Ne2 h6 12. c4 e4 13. dxe4 dxe4 14. Nd2 Nc5 15. Bd4 Qe7 16. Nc3 Bf5 17. Rb1 Rad8 18. Qc2 Nd3 19. Bxf6 Bxf6 20. Bxe4 Bxc3 21. Bxf5 Bxd2 22. Bxd3 Bxe3 23. Bxg6 Rd2 24. Qf5 Rxf2 25. Rxf2 Bxf2+ 26. Kxf2 Qe3+ 27. Kg2 fxg6 28. Qxg6+ Kh8 29. Qf6+ Kg8 30. Rf1 Qe4+ 31. Rf3 Qe2+ 32. Kh3 Qe6+ 33. Qxe6+ Rxe6 34. Kg4 Kg7 35. Kf5 Re7 36. Rd3 Kf7 37. Rd6 Kg7 38. Rg6+ Kh7 39. Re6 Rf7+ 40. Ke4 Rf2 41. Re7+ Kg6 42. Rxb7 Rxh2 43. Rb6 Kg5 44. Rxc6 h5 45. Kf3 Rb2 46. Rc5+ Kg6 47. Rb5 Kf6 48. c5 Rc2 49. Kf4 Ke6 50. Rxa5 Rc3 51. Rb5 Kd5 52. a5 1-0


[Site "https://www.chess.com"]

[Event "Titled Tuesday Blitz August 16 Late 2022"]
[White "Do Nascimento,Christian Almeida"]
[Black "Shapiro, Daniel"]
[WhiteFideId "2143801"]
[BlackFideId "2001780"]
[WhiteElo "2085"]
[BlackElo "2284"]
[Result "1-0"]
[Round "07"]
[TimeControl "180+1"]
[Date "2022.08.18"]
[WhiteClock "0:00:00"]
[BlackClock "0:00:00"]

1. e4 c5 2. Nf3 e6 3. c3 d5 4. e5 Bd7 5. d4 Qb6 6. Bd3 a5 7. O-O Nc6 8. a3 cxd4 9. cxd4 Nxd4 10. Nxd4 Qxd4 11. Nc3 Qxe5 12. Re1 Qc7 13. Nxd5 Qd8 14. Bf4 Rc8 15. Rc1 Bc6 16. Bb5 Nf6 17. Nxf6+ Qxf6 18. Qa4 Be7 19. Be5 Qg6 20. Bxc6+ bxc6 21. Rxc6 O-O 22. Rxc8 Rxc8 23. Qd7 Qc2 24. Qxe7 h6 25. h3 Qc6 26. Bc3 Re8 27. Qh4 a4 28. Qg4 e5 29. Rxe5 1-0


[Site "https://www.chess.com"]

[Event "Titled Tuesday Blitz August 16 Late 2022"]
[White "Dubov, Daniil"]
[Black "Yurovskykh, Oleksandr"]
[WhiteFideId "24126055"]
[BlackFideId "14134020"]
[WhiteElo "2791"]
[BlackElo "2292"]
[Result "0-1"]
[Round "07"]
[TimeControl "180+1"]
[Date "2022.08.18"]
[WhiteClock "0:00:00"]
[BlackClock "0:00:00"]

1. h4 h5 2. Rh3 Rh6 3. Rd3 Rd6 4. e4 Rxd3 5. Bxd3 g6 6. Bc4 Bg7 7. d4 d6 8. Nc3 a6 9. Qf3 e6 10. Bg5 Qd7 11. O-O-O b5 12. e5 d5 13. Bd3 Nc6 14. Nce2 Nb4 15. Nh3 Nxd3+ 16. Rxd3 b4 17. Nhf4 a5 18. Re3 Ba6 19. Kb1 Ne7 20. Nc1 Nf5 21. Nb3 Qb5 22. Re1 Bf8 23. Rd1 a4 24. Nc1 c5 25. dxc5 Qxc5 26. Nxd5 exd5 27. Rxd5 Bb7 28. Rxc5 Bxf3 29. Rc7 Bxg2 30. Nd3 Be4 31. Nxb4 Bxb4 32. Rc4 Be7 33. Bxe7 Bxc2+ 34. Kxc2 Kxe7 35. a3 Ke6 36. Rc5 Rd8 37. Kc3 Rd4 38. Rc6+ Kxe5 39. Rc5+ Rd5 40. Rc4 Ra5 41. b4 axb3 42. Kxb3 Nd4+ 43. Kb4 Rb5+ 44. Ka4 Rb2 45. f4+ Kd5 46. Rc7 f6 47. Rg7 Rg2 48. Kb4 Rg4 49. Rd7+ Ke4 50. a4 Rxf4 51. Kc5 Ne6+ 52. Kb6 Ke5 53. a5 Rxh4 54. a6 Rb4+ 55. Ka5 Rb1 56. a7 Ra1+ 57. Kb6 h4 58. Rd1 Rxa7 59. Kxa7 g5 60. Kb6 g4 61. Kb5 g3 62. Kc4 g2 63. Kd3 h3 64. Re1+ Kf5 65. Ke2 h2 66. Kf2 g1=Q+ 67. Rxg1 hxg1=Q+ 68. Kxg1 Ke4 69. Kf2 f5 70. Kg3 f4+ 71. Kg4 f3 72. Kh5 Nd4 73. Kg6 Ke3 74. Kh7 f2 75. Kh8 Ne2 76. Kh7 f1=B 77. Kg8 Bg2 78. Kh8 Be4 79. Kg7 Kf4 80. Kf6 Nd4 81. Ke7 Ke5 82. Kd7 Ne6 83. Ke7 Bc6 84. Kf7 Nf4 85. Ke7 Nd5+ 86. Kf7 Bd7 87. Kg6 Kf4 88. Kg7 Kg5 89. Kf7 Kf5 90. Kf8 Kf6 91. Kg8 Ne7+ 92. Kf8 Ng6+ 93. Kg8 Be6+ 94. Kh7 Bf7 95. Kh6 Bg8 96. Kh5 Ne5 97. Kh6 Ng4+ 98. Kh5 Kf5 99. Kh4 Kf4 100. Kh3 Bd5 101. Kh4 Bf7 102. Kh3 Ne3 103. Kh4 Ng2+ 104. Kh3 Kf3 105. Kh2 Kf2 106. Kh3 Be6+ 107. Kh2 Bg4 108. Kh1 Ne3 109. Kh2 Nf1+ 110. Kh1 Bf3# 0-1


[Site "https://www.chess.com"]